 Dungeon Crawl Stone Soup version 0.15-a0-1619-g29500c9 (webtiles) character file.

337 Ololoev the Chucker (level 6, 0/45 HPs)
             Began as a Demonspawn Gladiator on June 20, 2014.
             Slain by an ogre
             ... wielding a +0 giant spiked club
              (17 damage)
             ... on Level 3 of the Dungeon.
             The game lasted 00:16:56 (2972 turns).

Ololoev the Chucker (Demonspawn Gladiator)          Turns: 2972, Time: 00:16:56

HP   0/45        AC  8     Str 15      XL: 6   Next: 28%
MP   0/15        EV  8     Int 11      God:
Gold 145         SH  0     Dex 14      Spells:  0 memorised,  5 levels left

rFire  . . .     SeeInvis .     y - +0 trident
rCold  . . .     Clarity  .     l - +0 scale mail
rNeg   . . .     rCorr    .     (no shield)
rPois  .         rRot     .     c - +0 helmet
rElec  .         Spirit   +     (no cloak)
SustAb .         Warding  .     (no gloves)
rMut   .         Stasis   .     (no boots)
Gourm  .                        (no amulet)
MR     .....                    (no ring)
                                s - ring of magical power

@: not resistant to hostile enchantments, extremely unstealthy
A: claws 1, rugged brown scales 1, powered by death 1, magic shield, magic
regeneration
a: no special abilities


You were on level 3 of the Dungeon.
You were not hungry.

You visited 1 branch of the dungeon, and saw 4 of its levels.

You collected 145 gold pieces.

Inventory:

Hand weapons
 y - a +0 trident (weapon)
Missiles
 d - a throwing net (quivered)
 v - 4 tomahawks
Armour
 c - a +0 helmet (worn)
 l - a +0 scale mail (worn)
Comestibles
 a - a chunk of hobgoblin flesh
 b - 2 beef jerkies
 f - 2 bread rations
 g - a slice of pizza
 t - 3 meat rations
 x - a royal jelly
Scrolls
 i - 5 scrolls of remove curse {unknown}
 k - 3 scrolls of random uselessness {unknown}
 m - 5 scrolls of fear {unknown}
 n - a scroll of identify {unknown}
 o - a scroll of blinking {unknown}
 r - a scroll of enchant weapon {unknown}
 u - 2 scrolls of noise {unknown}
 w - a scroll of recharging {unknown}
 z - a scroll of teleportation {unknown}
 A - a scroll of magic mapping {unknown}
Jewellery
 s - a ring of magical power (left claw)
Potions
 e - 6 potions of curing {unknown}
 h - 4 potions of heal wounds {unknown}
 j - a potion of mutation {unknown}
 p - a potion of flight {unknown}
 q - 2 potions of haste {unknown}


   Skills:
 - Level 2.0 Fighting
 + Level 4.2 Polearms
 - Level 5.0 Throwing
 + Level 3.0 Dodging


You had 5 spell levels left.
You didn't know any spells.

Dungeon Overview and Level Annotations

Branches:
Dungeon (4/15)
 Temple: D:4-7

Altars:
Nemelex Xobeh
Sif Muna
Trog
Xom

Annotations:
D:4 Yermak's ghost, average SpEn


Innate Abilities, Weirdness & Mutations

You have sharp fingernails.
You are partially covered in rugged brown scales (AC +1, +3% HP).
You can steal the life force of nearby defeated enemies.
When hurt, damage is shared between your health and your magic reserves.
You regenerate magic rapidly.


Message History

Press: ? - help, Dir - move target cursor, f - ogre
Aim: an ogre, wielding a giant spiked club (lightly wounded)
You reach to attack!
You barely miss the ogre.
The ogre is lightly wounded.
Yermak's ghost tries to sneak away.
There is a stone staircase leading up here.
The ogre hits you with a giant spiked club!
You climb upwards.
There is a stone staircase leading down here.
The ogre closely misses you.
You feel less regenerative.
Quiver which item? (- for none, * to show all) (? for menu, Esc to quit)
Quivering
d - 2 throwing nets for throwing.
Throwing (i - inventory. (,) - cycle):
d - 2 throwing nets (quivered)
Press: ? - help, Shift-Dir - straight line, f - ogre
Aim: an ogre, wielding a giant spiked club (lightly wounded)
You throw a throwing net.
The throwing net barely misses the ogre.
The ogre hits you with a giant spiked club!!
You die...

.................).........#
..###.#####......#########.# ..#
#.## #..#...........#.# ..# #..#
#..#.#.#######.#.#
..####.####..#.#.......#.#.####
..#......<...#.######.........#
.##.###.####.#..............<.#
.##.###..##....######.........#
.##.#......(...O@)............#
.##.#.##..#..#.######.........#
..........#..#.# #)........#
......)......#.# #(...)....#
.........#...#.# #.........#
.............#.######.........#
.........#.#.#.#....#....[....#
.........#...#.#....#.........###
.........##..#.#....#..........).


You could see an ogre.

Vanquished Creatures
  An ogre (D:3)
  A killer bee (D:3)
  12 adders
  3 worms
  An ooze (D:2)
  5 giant geckos
  8 orcs (D:3)
  5 bats
  5 goblins
  6 hobgoblins
  5 jackals
  A quokka (D:3)
  A ball python (D:3)
  4 giant cockroaches
  3 giant newts
  11 kobolds
  7 rats
79 creatures vanquished.

Notes
Turn   | Place    | Note
--------------------------------------------------------------
     0 | D:1      | Ololoev, the Demonspawn Gladiator, began the quest for the Orb.
     0 | D:1      | Reached XP level 1. HP: 16/16 MP: 1/1
   137 | D:1      | Reached skill level 3 in Polearms
   176 | D:1      | Gained mutation: You have sharp fingernails. [demonic ancestry]
   176 | D:1      | Reached XP level 2. HP: 22/22 MP: 2/2
   660 | D:2      | Found a deep blue altar of Sif Muna.
   660 | D:2      | Found a sparkling altar of Nemelex Xobeh.
   802 | D:2      | Gained mutation: You are partially covered in rugged brown scales (AC +1, +3% HP). [demonic ancestry]
   802 | D:2      | Reached XP level 3. HP: 20/27 MP: 3/3
   847 | D:2      | Reached skill level 4 in Polearms
  1323 | D:2      | Gained mutation: When hurt, damage is shared between your health and your magic reserves. [demonic ancestry]
  1323 | D:2      | Reached XP level 4. HP: 33/33 MP: 4/4
  2085 | D:3      | Gained mutation: You can steal the life force of nearby defeated enemies. [demonic ancestry]
  2085 | D:3      | Reached XP level 5. HP: 27/39 MP: 5/5
  2172 | D:3      | Noticed an ogre
  2195 | D:3      | Killed an ogre
  2402 | D:3      | Gained mutation: You regenerate magic rapidly. [demonic ancestry]
  2402 | D:3      | Reached XP level 6. HP: 45/45 MP: 6/6
  2412 | D:3      | Reached skill level 5 in Throwing
  2828 | D:3      | Found a shimmering altar of Xom.
  2829 | D:3      | Found a bloodstained altar of Trog.
  2948 | D:4      | Noticed Yermak's ghost (average SpEn)
  2972 | D:3      | Slain by an ogre

Action                   |  1- 3 |  4- 6 || total
-------------------------+-------+-------++-------
Melee: Trident           |   149 |   208 ||   357
Throw: Throwing net      |     1 |     4 ||     5
       Tomahawk          |     1 |       ||     1
 Stab: Held in net/web   |       |     2 ||     2
